 Dungeon Crawl Stone Soup version 0.19-a0-665-g79b24d5 (webtiles) character file.

97 Aksej the Ruffian (level 4, -4/45 HPs)
             Began as a Troll Monk on June 16, 2016.
             Slain by zervinho's ghost (7 damage)
             ... on level 3 of the Dungeon.
             The game lasted 00:03:59 (2060 turns).

Aksej the Ruffian (Troll Monk)                      Turns: 2060, Time: 00:03:59

Health: -4/45      AC:  6    Str: 19    XL:     4   Next: 42%
Magic:  2/2        EV: 11    Int:  8    God:
Gold:   138        SH:  0    Dex: 13    Spells: 0 memorised, 3 levels left

rFire  . . .     SeeInvis .       - Unarmed
rCold  . . .     Gourm    +     a - +0 robe
rNeg   . . .     Faith    .     (no shield)
rPois  .         Spirit   .     (helmet restricted)
rElec  +         Dismiss  .     h - +0 cloak
rCorr  .         Reflect  .     (gloves unavailable)
SustAt .         Harm     .     (boots unavailable)
MR     ++...                    (no amulet)
Stlth  +.........               (no ring)
                                e - ring of protection from magic

@: very resistant to hostile enchantments, very unstealthy
A: unfitting armour, antennae 1, claws 3, hooves 1, clever 1, fast metabolism 3,
gourmand, low mp 1, magic resistance 1, regeneration 2, shaggy fur 1,
electricity resistance, tough skin 2
a: no special abilities


You were on level 3 of the Dungeon.
You were completely stuffed.

You visited 1 branch of the dungeon, and saw 3 of its levels.

You collected 138 gold pieces.

Inventory:

Armour
 a - a +0 robe (worn)
 h - a +0 cloak (worn)
Jewellery
 e - a ring of protection from magic (left claw)
Wands
 d - a wand of slowing (11/48)
Scrolls
 f - 2 scrolls of magic mapping
 k - a scroll of remove curse
Potions
 l - a potion of cure mutation
Comestibles
 b - 4 bread rations
 c - 3 fruits
 g - 6 chunks of flesh
 j - 2 meat rations


   Skills:
 * Level 3.0 Fighting
 + Level 3.0 Dodging
 - Level 1.1 Stealth
 * Level 5.0 Unarmed Combat


You had 3 spell levels left.
You didn't know any spells.

Dungeon Overview and Level Annotations

Branches:
Dungeon (3/15)

Altars:
Gozag

Annotations:
D:3 zervinho's ghost, amateur TrAK


Innate Abilities, Weirdness & Mutations

You are too large for most types of armour.
You have claws for hands.
Your metabolism is lightning-fast.
You like to eat raw meat.
You heal very quickly.
You are covered in fur. (AC +1)
You have very tough skin. (AC +2)
You have a pair of small antennae on your head.
You have large cloven feet.
Your mind is acute. (Int +2)
Your magical capacity is low. (-10% MP)
You are resistant to hostile enchantments. (MR+)
You are resistant to electric shocks. (rElec)


Message History

Zervinho's ghost is severely damaged.
Zervinho's ghost barely misses you.
You scratch zervinho's ghost.
Zervinho's ghost is almost destroyed.
Zervinho's ghost hits you.
* * * LOW HITPOINT WARNING * * *
You barely miss zervinho's ghost.
Zervinho's ghost is almost destroyed.
Zervinho's ghost ripples.
Zervinho's ghost hits you.
* * * LOW HITPOINT WARNING * * *
You barely miss zervinho's ghost.
You kick zervinho's ghost, but do no damage.
Zervinho's ghost is almost destroyed.
Zervinho's ghost hits you.
* * * LOW HITPOINT WARNING * * *
You barely miss zervinho's ghost. Your kick misses zervinho's ghost.
Zervinho's ghost is almost destroyed.
Zervinho's ghost hits you!
You die...

.#.# #.###.............#
.#.####.#.+.............#
.#.##...#.#......÷......#
....#.###.#......(†(..(.# ###.#.#
#.##########(#### #...###.##
###.############ ###........#####
#...............
..#....###.....###.##############
..'.............@W........#<...)#
..#.#........#####..##'#P........
..#.#..####### #..# {#...######
..#.#..#..'..# #WP# #P..# #
..'.#..#..#..#+###..####...# #
..###..####'##.............# #
..# #..........⌠...........# #
..###............###'#....## #
........####.P##'# ..##'#.# #


You could see zervinho's ghost.

Vanquished Creatures
  2 adders (D:2)
  A worm (D:3)
  4 dart slugs
  3 giant geckos
  3 orcs (D:3)
  3 giant cockroaches
  9 goblins
  5 hobgoblins
  5 jackals
  2 quokkas
  A ball python (D:1)
  6 bats
  6 giant newts
  4 kobolds
  10 rats
64 creatures vanquished.

Notes
Turn   | Place    | Note
--------------------------------------------------------------
     0 | D:1      | Aksej the Troll Monk began the quest for the Orb.
     0 | D:1      | Reached XP level 1. HP: 22/22 MP: 0/0
   146 | D:1      | Reached XP level 2. HP: 29/29 MP: 1/1
   851 | D:2      | Reached XP level 3. HP: 31/36 MP: 2/2
  1557 | D:2      | Gained mutation: You have large cloven feet. [potion of mutation]
  1557 | D:2      | Gained mutation: You are resistant to hostile enchantments. (MR+) [potion of mutation]
  1557 | D:2      | Gained mutation: You are resistant to electric shocks. (rElec) [potion of mutation]
  1598 | D:3      | Reached XP level 4. HP: 42/44 MP: 3/3
  1681 | D:3      | Found an opulent altar of Gozag.
  1877 | D:3      | Noticed zervinho's ghost (amateur TrAK)
  1976 | D:3      | Reached skill level 5 in Unarmed Combat
  1989 | D:3      | Gained mutation: You have a pair of small antennae on your head. [potion of mutation]
  1989 | D:3      | Gained mutation: Your mind is acute. (Int +2) [potion of mutation]
  1989 | D:3      | Gained mutation: Your magical capacity is low. (-10% MP) [potion of mutation]
  2060 | D:3      | Slain by zervinho's ghost

Vault maps used:
D:1:      saegor_arrival_simple_c
D:3:      corexii_shack_village, first_bread, grunt_gozag_breadcrumbs

Skill      XL: |  1  2  3  4 |
---------------+-------------+-----
Fighting       | 3 |  3.0
Dodging        | 3 |  3.0
Unarmed Combat | 5 |  5.0
Stealth        | |  1.1

Action                   |  1- 3 |  4- 6 || total
-------------------------+-------+-------++-------
Melee: Unarmed           |   115 |    75 ||   190
       Kick              |     6 |    18 ||    24
       Punch             |       |     3 ||     3
  Use: Scroll            |     3 |     2 ||     5
       Potion            |     4 |     1 ||     5
 Stab: Sleeping          |     4 |     2 ||     6
  Eat: Chunk             |    20 |     4 ||    24
Armor: Robe              |    47 |    28 ||    75
Dodge: Dodged            |    75 |    38 ||   113
